← All builds
Tech / Armada / Economy first / OBSERVED BUILD

Standard tech

Armada Tech (Eco) build order · Supreme Isthmus

Rushes T2 factory and T2 constructor early, upgrades team mexes, and supplies the team with T2 constructors while transitioning into eco and defensive units.

Usually first T2 con to Geo (82%)

#t2 #eco #team support · 1786 distinct matches · 271 players · 59% of Armada Tech games · team won 54% of 2112 · Recently observed

HOW TO PLAY IT

Key timing: T2 factory by 4:15

  1. Open 3 mex and heavy wind to fund a fast T2 rush.
  2. Put down Bot Lab, planning to eat it for reclaim soon after.
  3. Get Advanced Bot Lab up, hitting the T2 factory rush timing.
  4. Upgrade mex to Advanced Metal Extractor to lock in team metal income.
  5. Eat Advanced Bot Lab and keep sending cons to Geo and Pond.

Phase by phase

TYPICAL OF ITS 1786 GAMES
  1. 1
  2. 2
  3. 3
  4. 4
PLAY THE OPENING

Follow the example game's first 6:00 step by step: what to build now, what comes next, and where it goes. At 1× it keeps pace with your own game.

  1. 1

    Up to the Bot Lab

    Economy
    • Metal Extractor3Mex
    • Wind Turbine4Wind
    Order
    1. Bot LabBot Lab after 3 mex, 4 winddone ~1:18, middle half 1:13–1:32

    Some games also: energy storage (32%)

    By 1:01 in all: 3 mex · 4 wind

    The example game in this phase · 3 steps
    1. Mex ×3
    2. Wind ×3
    3. Bot LabBot Labdone 1:17 · typical 1:18
  2. 2

    Bot Lab to Advanced Bot Lab

    Economy
    • Metal Extractor1Mex
    • Wind Turbine8Wind
    • Energy Storage1Energy storage
    Order
    1. Advanced Bot LabAdvanced Bot Lab after 4 mex, 12 wind, 3 con turretdone ~4:16, middle half 4:04–4:30
    Builders
    • Construction Turret3 Con turret
    • Lazarus3 Lazarus
    • Construction Bot2 Con bot
    • Construction Bot1 Con bot for allies

    Some games also: converter (36%)

    By 3:18 in all: 4 mex · 12 wind · 1 energy storage · 3 con turret

    The example game in this phase · 14 steps
    1. Wind
    2. Construction BotCon bot
    3. Construction BotCon botfor Air
    4. Wind
    5. LazarusLazarus
    6. Wind ×2
    7. LazarusLazarus
    8. Mex
    9. Construction BotCon bot
    10. Energy storagefor Front
    11. Con turret
    12. Wind ×2
    13. Con turret
    14. Advanced Bot LabAdvanced Bot Labdone 3:55 · typical 4:16
  3. 3

    Advanced Bot Lab to 5:00

    Economy
    • Wind Turbine3Wind
    Order
    1. Bot LabEat Bot Lab
    Builders
    • Advanced Construction Bot1 T2 con bot for allies

    Some games also: converter (35%)

    By 5:00 in all: 4 mex · 15 wind · 1 converter · 1 energy storage · 3 con turret

    The example game in this phase · 4 steps
    1. Bot LabEat Bot Labreclaimed for its metal
    2. Advanced Construction BotT2 con botfor Geo
    3. Advanced Metal ExtractorT2 mexdone 4:50 · typical 5:28
    4. Advanced Construction BotT2 con botfor Air
  4. 4

    5:00 to 10:00

    Economy
    • Wind Turbine43Wind
    • Energy Converter6Converter
    Builders
    • Butler9 Butler
    • Advanced Construction Bot4 T2 con bot for allies
    • Advanced Construction Bot1 T2 con bot

    Some games also: con turret (42%) · Butler for allies (36%)

    By 10:00 in all: 4 mex · 59 wind · 8 converter · 1 energy storage · 3 con turret

    The example game in this phase · 168 steps
    1. Advanced Metal ExtractorT2 mex
    2. Advanced Construction BotT2 con bot
    3. Advanced Construction BotT2 con botfor Geo sea
    4. Advanced Metal ExtractorT2 mex
    5. Advanced Construction BotT2 con botfor Beach sea
    6. Advanced Construction BotT2 con bot
    7. Wind ×2
    8. ButlerButler
    9. Wind
    10. ButlerButler
    11. Advanced Construction BotT2 con botfor Front
    12. Wind
    13. Advanced Metal ExtractorT2 mex
    14. Wind
    15. Advanced Construction BotT2 con bot
    16. ButlerButler
    17. Wind ×6
    18. ButlerButler
    19. Wind ×2
    20. ButlerButler
    21. Wind ×3
    22. ButlerButler
    23. Wind ×3
    24. ButlerButler
    25. Windfor Front
    26. Wind ×3
    27. ButlerButler
    28. Wind
    29. Windfor Front
    30. Wind
    31. Advanced Construction BotT2 con bot
    32. Wind
    33. Wind ×2for Front
    34. ButlerButler
    35. Wind ×2
    36. Con turret
    37. Windfor Front
    38. Wind
    39. ButlerButler
    40. Wind
    41. Wind ×2for Front
    42. Wind ×2
    43. ButlerButler
    44. Con turret
    45. Windfor Front
    46. Wind ×2
    47. Wind ×2for Front
    48. Fusion ReactorFusiondone 12:26
    49. Wind
    50. Con turret
    51. Converter
    52. Wind
    53. Windfor Front
    54. Wind
    55. Windfor Front
    56. Wind
    57. Con turret
    58. Windfor Front
    59. Converter
    60. Wind ×2
    61. Windfor Front
    62. Wind
    63. Wind ×2for Front
    64. Wind ×2
    65. Windfor Front
    66. Converter
    67. Wind ×2
    68. Wind ×2for Front
    69. Wind
    70. Converter
    71. Wind
    72. Energy storage
    73. Windfor Front
    74. Wind
    75. Windfor Front
    76. Wind
    77. Converter
    78. Wind ×3
    79. Converter
    80. Wind
    81. Windfor Front
    82. Wind ×2
    83. Converter
    84. Wind ×3
    85. Converter
    86. Wind
    87. Windfor Front
    88. Wind ×2
    89. Advanced Bot LabEat Advanced Bot Labreclaimed for its metal
    90. Wind
    91. Converter
    92. ArbalestArbalest
    93. Wind ×2
    94. Windfor Front
    95. Wind ×2
    96. Converter
    97. Wind ×3
    98. Converter
    99. Wind
    100. Windfor Front
    101. Wind ×3
    102. Converter
    103. Wind ×3
    104. Converter
    105. Windfor Front
    106. Fusion ReactorFusion
    107. Wind ×3
    108. Converter
    109. Wind ×3
    110. T2 converter
    111. Windfor Front
    112. Wind
    113. Converter
    114. Wind ×3
    115. Converter
    116. Wind ×2
    117. Windfor Front
    118. Wind ×3
    119. Converter
    120. Wind ×2
    121. Windfor Front
    122. Wind ×2
    123. Converter
    124. Wind ×3
    125. Windfor Front
    126. Wind ×2
    127. Converter
    128. Wind ×3
    129. Converter
    130. Wind ×4
    131. Converter
    132. Wind ×2
    133. T2 converter
    134. Wind ×2
    135. Converter
    136. Wind ×4
    137. Converter
    138. Wind ×4
    139. Converter
    140. Wind ×2
    141. Converter
    142. Wind ×3
    143. Converter
    144. Wind ×2
    145. Converter
    146. Wind ×3
    147. Con turret
    148. Converter
    149. Wind ×2
    150. Con turret
    151. T2 converter
    152. Con turret
    153. Wind ×2
    154. Converter
    155. Wind ×2
    156. Con turret
    157. Wind ×3
    158. Converter
    159. Energy storage
    160. Wind ×4
    161. Converter
    162. Con turret
    163. Wind ×3
    164. Con turret
    165. Converter
    166. Aircraft PlantAircraft Plantdone 14:56
    167. Wind ×4
    168. Converter

Counts are medians over the build's games: half of them build more, half fewer. The example game is [Grump]_Doni's (51 OS, 15/10/2026); pick another.

Team trades

IN AT LEAST 30% OF ITS GAMES

You hand over

  • Construction Bot1 Con bot to Airfirst at 2:23 · in 83% of games
  • Advanced Construction Bot5 T2 con bot to Air or Geo sea or Pondfirst at 4:51 · in 99% of games
  • Butler2 Butler to Geo sea or Beach sea or Pondfirst at 9:06 · in 42% of games

You get

  • Hercules1 Light transport from Airfirst at 4:01 · in 86% of games

How it plays out

Typical game of this build, running totals by minute

Metal produced

020k40k
0:005:0010:0015:00

metal

Enemy metal destroyed

050100
0:005:0010:0015:00

metal

Own metal lost

050100150
0:005:0010:0015:00

metal

2112 games.

Show as table
ByMetal produced: This buildEnemy metal destroyed: This buildOwn metal lost: This build
1:0038300
2:0091500
3:00165500
4:00314900
5:00484700
6:00580500
7:00724600
8:00908400
9:001121400
10:001354100
11:001625700
12:001967800
13:002346100
14:0027368074
15:003160391130
WHAT THE NUMBERS SAY

Standard Tech play barely fights at all early, instead pouring metal into T2 infrastructure and constructors for the team.

  • + Metal produced hits 31679 by 15:00, by far the highest of any role here.
  • + T2 factory reached in 97% of games by 4:15, fastest and most reliable T2 timing.
  • − Enemy metal destroyed stays at 0 through 10:00, no early offense at all.
  • − Own metal lost also near 0, showing total avoidance of combat risk.
THE EXAMPLE YOU ARE READING

[Grump]_Doni

51.3 OS · 15/10/2026

Open source match ↗

2 received units
832 metal received · 44743 energy received

Allied construction assistance is unknown. Timings are observations, not a promise of solo reproducibility.

Typical milestones

Bot Lab1:18Middle 50%: 1:13–1:32 · n=2112
Advanced Bot Lab4:16Middle 50%: 4:04–4:30 · n=2105
Advanced Metal Extractor5:28Middle 50%: 5:05–5:58 · n=2108

Played most by

Amrissa97games of this buildTheGeneraI70games of this buildAdeus62games of this buildUncle_Cane60games of this buildCrouxy54games of this build